Unix NetHack Version 5.0.0-0 post-release - last build May  4 2026 22:22:43 (774f63e81ad911689b3a0859ea89b322d5daca8d,branch:main).

Game began 2026-05-10 18:56:54, ended 2026-05-10 21:49:16.

BaeHund, neutral male human Tourist

 --------
 |......-#
 |......|#     ---------
 |......|#     |.......|
 --------#     |)...^...0
         #    #........|#
         #    #|.......|#
         #    #---------#
        ##    ##        ####
        #      ##          ##
        #       #           ##
        #       #            #
        #-------#            #     ###
        #|.....-#            #####-B---------
        #......|                 #|@f.......|
         |<....|                 #|.........|
         -------                 #-....^....|
                                  -----------

BaeHund the Sightseer       St:14 Dx:13 Co:16 In:12 Wi:9 Ch:11  Neutral
Dlvl:5  $:711 HP:0(26) Pw:11(11) AC:4  Xp:3 T:1430 

Latest messages:
 The paper golem hits!
 You miss the paper golem.
 The paper golem misses!
 You hit the paper golem.
 The paper golem hits!
 You hit the paper golem.
 The paper golem hits!
 You hit the paper golem.
 The paper golem hits!
 You are beginning to feel hungry.
 You hit the paper golem.
 The paper golem hits!
 The kitten bites the paper golem.
 The paper golem misses the kitten.
 You miss the paper golem.
 The paper golem hits!
 The kitten bites the paper golem.
 You miss the paper golem.
 The paper golem hits!
 The kitten bites the paper golem.
 The paper golem hits the kitten.
 The kitten misses the paper golem.
 You hit the paper golem.
 The paper golem hits!
 The kitten bites the paper golem.
 The paper golem misses the kitten.
 The kitten bites the paper golem.
 The paper golem is destroyed!
 u - an unlabeled scroll.
 v - an unlabeled scroll.
 What do you want to eat? [b-dfgns or ?*] ?
 My, this is a yummy slime mold!
 You miss the giant bat.
 The giant bat bites!
 The giant bat bites!
 You swap places with your kitten.
 You swap places with your kitten.
 The kitten bites the giant bat.
 The giant bat misses the kitten.
 The giant bat bites!
 The kitten misses the giant bat.
 What do you want to zap? [p or ?*] ?
 In what direction? k
 The giant bat bites!
 You die...
 Do you want your possessions identified? [ynq] (y) y
 Do you want to see your attributes? [ynq] (y) y
 Do you want an account of creatures vanquished? [ynaq] (y) y
 Do you want to see your conduct and achievements? [ynq] (y) y
 Do you want to see the dungeon overview? [ynq] (y) y

Inventory:
 Coins    ('$')
  $ - 711 gold pieces
 Weapons  (')')
  a - 29 blessed +2 darts (at the ready)
  o - a +0 long sword (weapon in right hand)
 Armor    ('[')
  j - an uncursed +0 Hawaiian shirt with a sea turtle motif (being worn)
  q - an uncursed +0 banded mail (being worn)
 Comestibles  ('%')
  s - an uncursed apple
  g - an uncursed clove of garlic
  b - 7 uncursed food rations
  f - an uncursed pancake
  d - 3 uncursed tripe rations
  c - an uncursed egg
 Scrolls  ('?')
  u - a blessed scroll of blank paper
  v - an uncursed scroll of blank paper
  m - a blessed scroll of enchant armor
  i - 4 uncursed scrolls of magic mapping
  e - an uncursed scroll of scare monster
 Potions  ('!')
  t - an uncursed potion of sickness
 Rings    ('=')
  r - an uncursed ring of searching (on right hand)
 Wands    ('/')
  p - a wand of digging (0:3)
 Tools    ('(')
  l - an uncursed credit card
  k - an expensive camera (0:35)

BaeHund the Tourist's attributes:

Background:
 You were a Sightseer, a level 3 male human Tourist.
 You were neutral, on a mission for The Lady
 who was opposed by Blind Io (lawful) and Offler (chaotic).
 You were right-handed.
 You were in the Dungeons of Doom, on level 5.
 You entered the dungeon 1430 turns ago.
 You had 63 experience points, 17 more were needed to attain level 4.

Basics:
 You had 0 out of 26 hit points.
 You had all 11 energy points (spell power).
 Your armor class was 4.
 Your wallet contained 711 zorkmids.
 Autopickup was off.

Final Characteristics:
 Your strength was 14 (limit:18/100).
 Your dexterity was 13 (limit:18).
 Your constitution was 16 (limit:18).
 Your intelligence was 12 (limit:18).
 Your wisdom was 9 (limit:18).
 Your charisma was 11 (limit:18).

Final Status:
 You weren't hungry.
 You were unencumbered.
 You were wielding a long sword.
 You were unskilled in long sword.

Final Attributes:
 You were stridently aligned.
 You had automatic searching.
 You were warded.
 You are dead.

Miscellaneous:
 You didn't encounter any bones levels.
 Total elapsed playing time was 1 hour, 2 minutes and 31 seconds.

Major events:
 Turn
    1: BaeHund the neutral male human Tourist entered the dungeon
  913: attained the rank of Sightseer (level 3)
 1430: killed by a giant bat

You didn't know any spells.

Skills:
 Fighting Skills
   bare handed combat [Unskilled]
   two weapon combat  [Unskilled]
   riding             [Unskilled]
 Weapon Skills
   dagger             [Unskilled]
   knife              [Unskilled]
   axe                [Unskilled]
   pick-axe           [Unskilled]
   short sword        [Unskilled]
   broadsword         [Unskilled]
   long sword         [Unskilled]
   two-handed sword   [Unskilled]
   saber              [Unskilled]
   mace               [Unskilled]
   morning star       [Unskilled]
   flail              [Unskilled]
   hammer             [Unskilled]
   quarterstaff       [Unskilled]
   polearms           [Unskilled]
   spear              [Unskilled]
   trident            [Unskilled]
   lance              [Unskilled]
   bow                [Unskilled]
   sling              [Unskilled]
   crossbow           [Unskilled]
   dart               [Basic]
   shuriken           [Unskilled]
   boomerang          [Unskilled]
   whip               [Unskilled]
   unicorn horn       [Unskilled]
 Spellcasting Skills
   divination spells  [Unskilled]
   enchantment spells [Unskilled]
   escape spells      [Unskilled]

Voluntary challenges:
 Character rerolling was not enabled.
 You never genocided any monsters.
 You never polymorphed an object.
 You never changed form.
 You used no wishes.
Achievements:
 You entered a shop.
 You attained the rank of Sightseer.

 The Dungeons of Doom: levels 1 to 5
    Level 1:
       An altar, a fountain, a grave.
    Level 2:
    Level 3:
       A general store, some fountains, a sink, a grave.
    Level 4:
       A grave.
    Level 5: <- You were here.
       Final resting place for
          you, killed by a giant bat.


Vanquished creatures:
  a paper golem
  a floating eye
 an orc zombie
  a dwarf zombie
 an iguana
  2 giant rats
  3 jackals
  4 grid bugs
  2 lichens
  2 newts
18 creatures vanquished.

No species were genocided or became extinct.

Game over:
                       ----------
                      /          \
                     /    REST    \
                    /      IN      \
                   /     PEACE      \
                  /                  \
                  |     BaeHund      |
                  |      711 Au      |
                  |   killed by a    |
                  |    giant bat     |
                  |                  |
                  |                  |
                  |       2026       |
                 *|     *  *  *      | *
        _________)/\\_//(\/(/\)/\//\/|_)_______

Aloha BaeHund the Tourist...

You died in The Dungeons of Doom on dungeon level 5 with 549 points,
and 711 pieces of gold, after 1430 moves.
You were level 3 with a maximum of 26 hit points when you died.

